Map: Lightshade LE

Players

BlysK

  • Race: Protoss Protoss
  • League: Master
  • Spawn Location: 11:00

EnDerr - Winner!

  • Race: Zerg Zerg
  • Spawn Location: 5:00

Event: DreamHack SC2 Masters 2020 Winter

VOD

Have the link to the VOD?

Description

Time

  • Played on: Oct. 18, 2020, 4:42 a.m.
  • Length: 9:19

All games in this series

Show
View Real Time Build Order
Export as new Build Order

BlysK Protoss 

Build Orders: 1 Gate Expand, Oracle Opening 

Get SALT Encoding   

  12  0:00  Probe  
  13  0:12  Probe  
  14  0:20  Pylon  
  14  0:24  Probe  
  15  0:38  Probe (Chrono Boost)  
  15  0:42  Gateway  
  16  0:43  Assimilator  
  16  0:47  Probe (Chrono Boost)  
  17  0:52  Probe (Chrono Boost)  
  18  1:04  Probe  
  19  1:16  Probe  
  20  1:23  Nexus  
  20  1:34  Cybernetics Core  
  20  1:36  Probe  
  21  1:41  Assimilator  
  23  1:48  Pylon  
  23  1:52  Zealot (Chrono Boost)  
  23  2:06  Probe  
  23  2:07  Gateway  
  24  2:13  Adept (Chrono Boost)  
  26  2:27  Stargate, Probe  
  26  2:31  Warp Gate  
  26  2:38  Adept (Chrono Boost)  
  26  2:41  Probe  
  29  2:48  Probe  
  30  2:53  Shield Battery  
  30  3:00  Pylon  
  30  3:07  Probe (Chrono Boost)  
  30  3:08  Oracle (Chrono Boost)  
  34  3:17  Probe (Chrono Boost)  
  34  3:19  Probe (Chrono Boost)  
  36  3:27  Probe (Chrono Boost)  
  36  3:28  Probe (Chrono Boost)  
  36  3:33  Probe  
  36  3:35  Oracle (Chrono Boost)  
  36  3:37  Probe  
  41  3:45  Probe  
  42  3:49  Twilight Council, Probe  
  43  3:57  Probe  
  43  4:01  Probe  
  45  4:09  Probe  
  46  4:13  Probe  
  47  4:19  Adept  
  47  4:20  Adept  
  47  4:21  Probe  
  52  4:25  Pylon  
  52  4:26  Probe  
  53  4:31  Blink  
  53  4:33  Probe  
  53  4:37  Pylon  
  54  4:43  Probe  
  54  4:44  Pylon  
  54  4:45  Assimilator, Probe  
  55  4:48  Robotics Facility  
  55  4:50  Assimilator  
  56  4:55  Probe  
  56  4:58  Probe  
  54  5:07  Probe  
  54  5:10  Probe  
  54  5:11  Nexus  
  56  5:14  Shield Battery  
  56  5:19  Probe  
  57  5:22  Probe  
  57  5:24  Gateway  
  57  5:25  Gateway  
  57  5:27  Stalker  
  60  5:28  Sentry  
  60  5:31  Probe  
  60  5:35  Warp Prism (Chrono Boost)  
  63  5:37  Probe  
  66  5:49  Gateway x2  
  66  5:52  Sentry x2  
  70  6:04  Observer (Chrono Boost)  
  70  6:09  Pylon  
  71  6:19  Stalker  
  71  6:20  Stalker x2  
  71  6:22  Immortal (Chrono Boost)  
  81  6:27  Gateway  
  81  6:28  Probe x2  
  81  6:29  Gateway  
  83  6:35  Sentry  
  85  6:43  Stalker x3  
  85  6:45  Stalker  
  93  6:59  Stalker x2  
  97  7:07  Stalker x2  
  101  7:10  Pylon  
  101  7:11  Pylon  
  97  7:23  Sentry  
  97  7:24  Sentry  
  98  7:30  Zealot x3  
  98  7:36  Immortal (Chrono Boost)  
  90  7:43  Probe  
  77  7:44  Stalker x3  
  77  7:45  Probe  
  77  7:46  Probe  
  77  7:49  Shield Battery  
  85  7:54  Stalker x2  
  85  7:57  Robotics Bay  
  89  8:04  Probe  
  89  8:05  Stalker x2  
  94  8:06  Probe  
  94  8:07  Zealot  
  97  8:13  Zealot, Adept  
  97  8:15  Immortal (Chrono Boost)  
  97  8:16  Probe  
  106  8:21  Probe  
  89  8:34  Stalker  
  89  8:35  Stalker x2, Zealot x2  
  68  8:48  Stalker  
  68  8:49  Stalker x2  
Show
View Real Time Build Order
Export as new Build Order

EnDerr Zerg - Winner!

Build Orders: Pool First 

Get SALT Encoding   

  12  0:00  Drone  
  13  0:13  Overlord  
  13  0:18  Drone  
  14  0:31  Drone x2  
  16  0:41  Spawning Pool  
  15  0:44  Drone  
  15  0:48  Drone  
  17  0:50  Extractor  
  16  0:57  Drone  
  17  1:08  Drone  
  18  1:24  Hatchery  
  17  1:28  Zergling x2  
  18  1:34  Queen  
  20  1:42  Overlord  
  20  1:51  Metabolic Boost  
  20  1:55  Drone  
  20  1:58  Drone  
  22  2:07  Roach Warren  
  21  2:18  Queen  
  21  2:21  Drone x2  
  21  2:22  Overlord  
  26  2:37  Zergling x2  
  27  2:38  Drone  
  28  2:45  Drone x3  
  28  2:47  Drone  
  32  3:01  Hatchery  
  31  3:13  Pneumatized Carapace  
  31  3:14  Drone x2  
  31  3:15  Drone x2  
  35  3:21  Drone  
  35  3:32  Drone x3  
  38  3:36  Drone x3  
  38  3:37  Queen  
  43  3:48  Spore Crawler  
  42  3:49  Spore Crawler, Overlord  
  42  3:52  Drone  
  42  3:53  Zergling x4  
  44  4:03  Overlord  
  44  4:06  Queen  
  44  4:09  Drone  
  47  4:10  Drone  
  47  4:11  Drone x4  
  47  4:15  Drone x2  
  53  4:18  Zergling x2  
  53  4:21  Drone  
  55  4:25  Queen  
  57  4:33  Drone x2  
  57  4:34  Drone  
  60  4:43  Drone x3, Spore Crawler  
  62  4:47  Drone  
  60  4:53  Drone x2  
  60  4:57  Drone  
  59  5:05  Roach Warren, Overlord  
  59  5:06  Extractor, Overlord  
  56  5:07  Lair, Extractor  
  56  5:08  Evolution Chamber  
  56  5:11  Drone x5  
  59  5:22  Overlord  
  59  5:27  Overlord x2  
  59  5:28  Drone  
  59  5:29  Drone x2  
  59  5:30  Drone  
  59  5:32  Hatchery  
  60  5:39  Drone  
  60  5:40  Drone x2  
  60  5:41  Zerg Melee Weapons Level 1  
  63  5:44  Drone x3  
  63  5:45  Drone x2  
  63  5:46  Drone  
  69  5:51  Roach x2  
  69  5:53  Roach  
  75  5:58  Roach  
  75  6:03  Roach x2  
  81  6:06  Zergling x2  
  81  6:09  Glial Reconstitution  
  81  6:10  Extractor  
  81  6:11  Drone x3  
  84  6:12  Zergling x2  
  84  6:13  Zergling x6  
  88  6:19  Overlord x3  
  88  6:20  Zergling x2  
  89  6:27  Zergling x2  
  89  6:28  Zergling x2  
  89  6:32  Overlord  
  91  6:37  Zergling x2  
  92  6:41  Zergling x4  
  94  6:47  Roach x3  
  94  6:48  Roach x2  
  94  6:49  Zergling x6  
  94  6:51  Drone  
  94  6:53  Baneling Nest  
  107  6:55  Zergling x2  
  107  6:57  Zergling x8  
  112  7:03  Roach  
  112  7:06  Roach x2  
  112  7:07  Roach  
  119  7:10  Zergling x6  
  119  7:12  Zergling x2  
  119  7:14  Overlord x2  
  119  7:15  Overlord x3  
  121  7:32  Zergling x12  
  121  7:33  Zergling x8  
  115  7:37  Zergling x2  
  115  7:40  Zergling x2  
  111  7:47  Spire  
  111  7:48  Zergling x12  
  111  7:49  Zergling x2  
  117  7:52  Zergling x2  
  117  7:54  Ravager x6  
  117  7:55  Zergling x4  
  117  7:57  Zergling x2  
  127  7:59  Zergling x2  
  127  8:01  Zergling x2  
  127  8:02  Zergling x2  
  130  8:07  Extractor x2  
  128  8:17  Drone x3  
  128  8:18  Drone x3  
  130  8:20  Zergling x2  
  126  8:27  Zergling x2  
  126  8:29  Zergling x2  
  122  8:34  Zergling x2  
  122  8:37  Zergling x2  
  122  8:39  Zergling x10  
  122  8:40  Zergling x8  
  122  8:41  Zergling x2, Overseer  
  129  8:44  Zergling x2  
  126  8:51  Extractor  
  126  8:52  Extractor  
  123  9:00  Drone x2  
  123  9:01  Drone  
  123  9:02  Drone x3  
  123  9:04  Hatchery  
Tags
 
Add a new tag
Caveats
  • Supply blocks, unpowered buildings, or Contaminate may cause inaccurate times.
  • Supply counts are checked every 10 seconds.